 Dungeon Crawl Stone Soup version 0.31.0-12-g77e489cdc1 (webtiles) character file.

Game seed: 7347937742538180851

775 hawla the Ducker (level 7, 0/61 HPs)
             Began as a Minotaur Fighter on Feb 16, 2024.
             Was an Initiate of Yredelemnul.
             Succumbed to an orc wizard's poison
             ... on level 5 of the Dungeon.
             The game lasted 00:07:26 (3186 turns).

hawla the Ducker (Minotaur Fighter)                 Turns: 3186, Time: 00:07:27

Health: 0/61       AC:  9    Str: 21    XL:     7   Next: 54%
Magic:  6/6        EV:  8    Int:  9    God:    Yredelemnul [......]
Gold:   210        SH:  0    Dex:  9    Spells: 6/6 levels left

rFire   . . .        a - +1 war axe
rCold   . . .        b - +0 kite shield
rNeg    . . .        h - +0 chain mail
rPois   .            (helmet restricted)
rElec   .            (no cloak)
rCorr   +            (no gloves)
SInv    .            (no boots)
Will    .....        (no amulet) Stlth
                     e - ring of resist corrosion
HPRegen 0.30/turn    (no ring)
MPRegen 0.10/turn

%: no passive effects
@: confused, lethally poisoned (0 -> -18)
A: horns 2, retaliatory headbutt, clever 1
a: Renounce Religion, Recall Undead Harvest


You were on level 5 of the Dungeon.
You worshipped Yredelemnul.
Yredelemnul was noncommittal.
You visited 1 branch of the dungeon, and saw 5 of its levels.

You collected 210 gold pieces.

Inventory:

Hand Weapons
 a - a +1 war axe (weapon)
Armour
 b - a +0 kite shield (worn)
 h - a +0 chain mail (worn)
Jewellery
 e - a ring of resist corrosion (left hand)
 i - a ring of positive energy
Scrolls
 f - a scroll of blinking
 k - a scroll of teleportation
Potions
 j - 2 potions of attraction
 l - 3 potions of haste {unknown}


   Skills:
 - Level 5.0 Fighting
 - Level 2.4 Axes
 - Level 3.6 Armour
 - Level 7.0 Dodging
 + Level 6.5 Shields


You had 6 spell levels left.
You didn't know any spells.
Your spell library was empty.

Dungeon Overview and Level Annotations

Branches:
Dungeon (5/15)             Temple (0/1) D:4

Altars:
Makhleb
Vehumet
Yredelemnul
The Shining One


Innate Abilities, Weirdness & Mutations

You have a pair of horns on your head.
You reflexively headbutt those who attack you in melee.
Your mind is acute. (Int +4, Str/Dex -1)


Message History

Your orc priest zombie resists with significant effort.
Your orc priest zombie hits the orc wizard but does no damage.
You bump into the rock wall.
You feel less confused.
* * * LOW HITPOINT WARNING * * *
You feel very sick. Something hits you but does no damage.
The orc wizard casts a spell at your orc priest zombie.
Your orc priest zombie appears confused.
You closely miss the orc wizard.
The orc wizard is almost dead.
You completely miss something.
* * * LOW HITPOINT WARNING * * *
You feel very sick.
You hear some strange, mumbled words.
You are confused.
The orc wizard closely misses you.
Your orc priest zombie hits the orc wizard but does no damage.
You hear some strange, mumbled words.
Something tries to affect you, but you resist.
The orc wizard hits your orc priest zombie with a +0 dagger.
Your orc priest zombie hits the orc wizard.
You barely miss the orc wizard. Your headbutt misses the orc wizard.
The orc wizard is almost dead.
You closely miss something.
* * * LOW HITPOINT WARNING * * *
You feel very sick.
You hear some strange, mumbled words.
Something tries to affect you, but you resist.
The orc wizard points at you and mumbles some strange words.
The magic dart hits you.
* * * LOW HITPOINT WARNING * * *
Something hits you.
* * * LOW HITPOINT WARNING * * *
You are more poisoned.
The orc wizard casts a spell.
The orc wizard flickers and vanishes!
You miss something. Your headbutt misses something. You miss something.
You die...
Your body rises from the dead as a mindless zombie.

###### ######## ###....##
###......########.......##
##..........#...#.........#
#......(.....Z..#.........#
#.........................#
#....Z........{@.#........#
##............######......#
#....:....... #......#
#...........# ##...###
#..........# ##...#
#...).....## ######...##
#........## ##...###...##
##......## ##......Z....#
####..### ##......(.....##


You could see a friendly orc priest zombie (confused).

Vanquished Creatures
  2 black bears (D:4)
  2 ogres (D:5)
  Blork the orc (D:5)
  A scorpion (D:4)
  A howler monkey (D:5)
  A jelly (D:5)
  An orc priest (D:5)
  2 bombardier beetles
  An orc wizard (D:4)
  3 adders
  3 dart slugs
  11 orcs
  3 bats
  7 endoplasms
  4 giant cockroaches
  5 goblins
  9 hobgoblins
  10 jackals
  8 kobolds
  3 quokkas
  3 ball pythons
  2 frilled lizards (D:1)
  2 rats
85 creatures vanquished.

Notes
Turn   | Place    | Note
-------+----------+-------------------------------------------
     0 | D:1      | hawla the Minotaur Fighter began the quest for the Orb.
     0 | D:1      | Reached XP level 1. HP: 19/19 MP: 0/0
    71 | D:1      | Reached XP level 2. HP: 24/28 MP: 1/1
   332 | D:1      | Reached skill level 5 in Fighting
   539 | D:2      | Reached XP level 3. HP: 36/36 MP: 2/2
   591 | D:2      | Reached skill level 1 in Dodging
   671 | D:2      | Reached skill level 2 in Dodging
  1122 | D:3      | Found a radiant altar of Vehumet.
  1169 | D:3      | Reached XP level 4. HP: 40/42 MP: 3/3
  1221 | D:3      | Reached skill level 3 in Dodging
  1475 | D:3      | Found a faded altar of an unknown god.
  1475 | D:3      | Noticed a balrug
  1503 | D:3      | You fall into a shaft and drop 2 floors!
  1503 | D:5      | Entered Level 5 of the Dungeon
  1595 | D:5      | Noticed Blork the orc
  1605 | D:5      | Killed Blork the orc
  1606 | D:5      | Reached skill level 4 in Dodging
  1606 | D:5      | Reached XP level 5. HP: 47/48 MP: 4/4
  1667 | D:5      | Noticed an ogre
  1675 | D:5      | Killed an ogre
  1676 | D:5      | Reached skill level 5 in Dodging
  1990 | D:4      | Reached XP level 6. HP: 56/56 MP: 5/5
  1995 | D:4      | Found a glowing golden altar of the Shining One.
  2031 | D:4      | Reached skill level 6 in Dodging
  2154 | D:4      | Reached skill level 7 in Dodging
  2176 | D:4      | Found a basalt altar of Yredelemnul.
  2186 | D:4      | Became a worshipper of Yredelemnul the Dark
  2197 | D:4      | Found a staircase to the Ecumenical Temple.
  2333 | D:4      | Reached XP level 7. HP: 37/61 MP: 6/6
  2493 | D:4      | Reached skill level 5 in Shields
  2613 | D:4      | Reached * piety under Yredelemnul
  2869 | D:5      | Gained mutation: Your mind is acute. (Int +4, Str/Dex -1)
                  | [potion of mutation]
  3047 | D:5      | Found a burning altar of Makhleb.
  3186 | D:5      | Succumbed to an orc wizard's poison

Illustrated notes

Levels and vault maps discovered:
D:1:      minmay_arrival_loop, layout_rooms, hangedman_glass_teeth,
          nrook_mini_vaults
D:2:      layout_loops_ring
D:3:      layout_rooms, old_standard_altar,
          dreamdust_ecumenical_altar_sealed_demon, serial_aquarium,
          aquarium_bridge_square [aquarium_subvault_bridge,
          aquarium_subvault_wall, aquarium_subvault_bridge,
          aquarium_subvault_wall], aquarium_window_2, aquarium_window_fake,
          aquarium_view_2f
D:4:      layout_loops_cross, yredelemnul_altar_generic, lemuel_tele_altar,
          temple_fountains, serial_library_hellmonk_reading_circle,
          corexii_corridor_pit
D:5:      layout_cave_pods, bloody_makhleb, uniq_blork_the_orc

Skill      XL: |  1  2  3  4  5  6  7 |
---------------+----------------------+-----
Fighting       | 4 5 |  5.0
Dodging        | 2 4 5 7 |  7.0
Shields        | 4 6 |  6.5
Axes           | |  2.4
Armour         | |  3.6

Action                     |  1- 3 |  4- 6 |  7- 9 || total
---------------------------+-------+-------+-------++-------
  Melee: War axe           |    77 |    64 |    44 ||   185
         Headbutt          |    11 |    14 |     4 ||    29
 Invoke: Recall Undead Har |       |       |     2 ||     2
    Use: Scroll            |     7 |     1 |     7 ||    15
         Potion            |       |     1 |     5 ||     6
 Armour: Scale mail        |    47 |       |       ||    47
         Chain mail        |    18 |    73 |    68 ||   159
  Dodge: Dodged            |    40 |    35 |    23 ||    98
  Block: Buckler           |    11 |    13 |     6 ||    30
         Kite shield       |       |       |     3 ||     3
